 Seeded DCSS version 0.29-a0-919-gd064cfad1c (webtiles) character file.

Game seed: 16022134512899868658 (custom seed)

252 mathmaestro the Grave Robber (level 5, -4/39 HPs)
             Began as a Demonspawn Necromancer on July 26, 2022.
             Slain by an ogre
             ... wielding a +0 giant club
              (19 damage)
             ... on level 4 of the Dungeon.
             The game lasted 00:06:15 (3487 turns).

mathmaestro the Grave Robber (DsNe)                 Turns: 3487, Time: 00:06:16

Health: -4/39      AC:  4    Str:  8    XL:     5   Next: 89%
Magic:  10/18      EV: 13    Int: 19    God:
Gold:   259        SH:  0    Dex: 13    Spells: 2/10 levels left

rFire   . . .      SeeInvis +   i - +0 dagger
rCold   . . .      Faith    .   (no shield)
rNeg    . . .      Spirit   .   u - +0 leather armour
rPois   .          Reflect  .   (no helmet)
rElec   .          Harm     .   (no cloak)
rCorr   .          Rampage  .   (no gloves)
Will    .....                   j - +0 pair of boots
Stlth   ++........              (no amulet)
HPRegen 0.13/turn               r - ring of magical power
MPRegen 0.16/turn               v - ring of see invisible

@: no status effects
A: repulsion field 1, powered by death 1
a: no special abilities


You were on level 4 of the Dungeon.
You visited 1 branch of the dungeon, and saw 4 of its levels.

You collected 259 gold pieces.

Inventory:

Hand Weapons
 i - a +0 dagger (weapon)
Armour
 j - a +0 pair of boots (worn)
 u - a +0 leather armour (worn)
Jewellery
 r - a ring of magical power (left hand)
 v - a ring of see invisible (right hand)
Wands
 q - a wand of flame (9)
Scrolls
 f - a scroll of magic mapping {unknown}
 l - 2 scrolls of identify
 n - 2 scrolls of summoning {unknown}
 o - a scroll of enchant armour {unknown}
 p - a scroll of torment {unknown}
 s - a scroll of poison {unknown}
 t - a scroll of vulnerability {unknown}
 x - a scroll of immolation {unknown}
Potions
 a - a potion of lignification {unknown}
 b - a potion of magic
 c - a potion of ambrosia {unknown}
 d - a potion of curing {unknown}
 e - 2 potions of haste
 g - a potion of flight {unknown}
 h - a potion of attraction {unknown}
 k - a potion of might {unknown}
 m - a potion of mutation {unknown}
 w - a potion of degeneration {unknown}


   Skills:
 + Level 2.6 Fighting
 + Level 1.5 Armour
 - Level 2.0 Dodging
 - Level 2.0 Stealth
 + Level 3.2 Spellcasting
 + Level 5.4 Necromancy
 + Level 1.7 Evocations


You had 2 spell levels left.
You knew the following spells:

 Your Spells              Type           Power      Damage    Failure   Level
a - Necrotise             Necr           92%        1d8       2%          1
b - Vampiric Draining     Necr           23%        2d7       7%          3
c - Animate Dead          Necr           23%        N/A       22%         4

Your spell library contained the following spells:

 Spells                   Type           Power      Damage    Failure   Level
 Agony                    Necr           23%        N/A       54%         5


Dungeon Overview and Level Annotations

Branches:
Dungeon (4/15)
 Temple: D:4-7

Altars:
Dithmenos


Innate Abilities, Weirdness & Mutations

You are surrounded by a mild repulsion field. (EV +2)
You regenerate a little health from kills.


Message History

You destroy the adder zombie!
HP restored.
An ogre comes into view. It is wielding a +0 giant club.
The ogre shouts!
Casting: Necrotise (safe; 2% risk of failure)
Confirm with . or Enter, or press ? or * to list all spells.
Aiming: Necrotise (safe; 2% risk of failure)
Press: ? - help, Shift-Dir - straight line, f - ogre
Aim: an ogre, wielding a +0 giant club (chance to affect: 81%)
The ogre writhes in agony.
Casting: Necrotise (safe; 2% risk of failure)
Confirm with . or Enter, or press ? or * to list all spells.
Aiming: Necrotise (safe; 2% risk of failure)
Press: ? - help, Shift-Dir - straight line, f/p - ogre
Aim: an ogre, wielding a +0 giant club (lightly wounded, chance to affect: 81%)
The ogre writhes in agony.
As you read the scroll labelled ULIUPU LYFIYR, it crumbles to dust.
It is a scroll of identify.
e - 2 potions of haste An adder zombie comes into view.
The ogre hits you with a +0 giant club!!
Ouch! That really hurt!
* * * LOW HITPOINT WARNING * * *
Casting: Necrotise (safe; 2% risk of failure)
Confirm with . or Enter, or press ? or * to list all spells.
Aiming: Vampiric Draining (dangerous; 7% risk of failure)
Press: ? - help, Shift-Dir - straight line, f/p - ogre
Aim: an ogre, wielding a +0 giant club (lightly wounded)
You draw life force from the ogre.
You feel life coursing into your body.
Unknown command.
Casting: Vampiric Draining (dangerous; 7% risk of failure)
Confirm with . or Enter, or press ? or * to list all spells.
Aiming: Vampiric Draining (dangerous; 7% risk of failure)
Press: ? - help, Shift-Dir - straight line, f/p - ogre
Aim: an ogre, wielding a +0 giant club (lightly wounded)
You draw life force from the ogre!
You feel life coursing into your body.
You hear the slow hiss of a very distant avalanche of sand.
A bullfrog zombie comes into view.
The ogre hits you with a +0 giant club!!
You die...

######Z.#
#.O.Z.... #@#
####.# #....#
#....# #.##.#
#.##.#
#######.##.####
#..............
#.#####........


You could see an ogre, an adder zombie and a bullfrog zombie.

Vanquished Creatures
  Sigmund (D:2)
  An adder (D:2)
  An adder zombie (D:4)
  6 dart slugs (D:1)
  An orc (D:3)
  5 endoplasms
  3 giant cockroaches
  9 goblins
  7 hobgoblins
  4 jackals (D:1)
  3 quokkas
  3 ball pythons
  7 bats
  2 frilled lizards
  2 kobolds (D:3)
  4 rats
59 creatures vanquished.

Vanquished Creatures (collateral kills)
  A goblin (D:1)
  A kobold (D:3)
2 creatures vanquished.

Grand Total: 61 creatures vanquished

Notes
Turn   | Place    | Note
-------+----------+-------------------------------------------
     0 | D:1      | mathmaestro the Demonspawn Necromancer began the quest for
                  | the Orb.
     0 | D:1      | Reached XP level 1. HP: 13/13 MP: 3/3
   386 | D:1      | Gained mutation: You are surrounded by a mild repulsion
                  | field. (EV +2) [demonic ancestry]
   386 | D:1      | Reached XP level 2. HP: 12/20 MP: 0/5
   696 | D:1      | Reached skill level 1 in Fighting
   887 | D:1      | Reached XP level 3. HP: 26/26 MP: 3/6
   891 | D:1      | Learned a level 3 spell: Vampiric Draining
   970 | D:1      | Found a faded altar of an unknown god.
  1895 | D:2      | Noticed Sigmund
  1913 | D:2      | Killed Sigmund
  1914 | D:2      | Reached skill level 1 in Armour
  1914 | D:2      | Reached skill level 5 in Necromancy
  1914 | D:2      | Reached skill level 1 in Evocations
  1914 | D:2      | Reached XP level 4. HP: 18/34 MP: 0/8
  1914 | D:2      | Gained mutation: You regenerate a little health from kills.
                  | [demonic ancestry]
  1914 | D:2      | Reached XP level 5. HP: 21/39 MP: 0/9
  2706 | D:2      | Learned a level 4 spell: Animate Dead
  2914 | D:3      | Found a shadowy altar of Dithmenos.
  3482 | D:4      | Noticed an ogre
  3487 | D:4      | Slain by an ogre

Illustrated notes

Levels and vault maps discovered:
D:1:      amcnicky_arrival_feature_with_door, layout_basic,
          shapermc_ecumenical_altar_venn
D:2:      layout_basic, grunt_ministairs_15, uniq_sigmund
D:3:      layout_rooms, mainiacjoe_overflow_paths, nicolae_hexahallways,
          lemuel_old_faithful
D:4:      minmay_general_purpose_star, layout_loops_ring, serial_undead,
          serial_undead_c, serial_undead_c, serial_undead_a, serial_undead_b,
          serial_undead_d, nicolae_ossuary_entry_false_entrances

Skill      XL: |  1  2  3 |
---------------+----------+-----
Stealth        | 2 |  2.0
Dodging        | 2 |  2.0
Fighting       | 1 2 |  2.6
Armour         | 1 |  1.5
Spellcasting   | 3 |  3.2
Necromancy     | 5 |  5.4
Evocations     | 1 |  1.7

Action                   |  1- 3 |  4- 6 || total
-------------------------+-------+-------++-------
Melee: Unarmed           |     4 |       ||     4
       Mace              |     5 |       ||     5
       Dagger            |     9 |    32 ||    41
 Cast: Necrotise         |    65 |    34 ||    99
       Vampiric Draining |     1 |     2 ||     3
Evoke: Wand              |     1 |       ||     1
  Use: Scroll            |       |     1 ||     1
Armor: Robe              |     5 |     7 ||    12
       Leather armour    |       |     4 ||     4
Dodge: Dodged            |    18 |    25 ||    43

Table legend: (Time is in decaauts)
 A = Elapsed time spent in this place.
 B = Non-inter-level travel time spent in this place.
 C = Inter-level travel time spent in this place.
 D = Time resting spent in this place.
 E = Time spent auto-exploring this place.
 F = Levels seen in this place.
 G = Mean time per level.
                   A        B        C        D        E       F      G
               +--------+--------+--------+--------+--------+-----+--------+
         Total |   3486 |   3400 |     86 |    497 |   2383 |   4 |  871.5 |
       Dungeon |   3486 |   3400 |     86 |    497 |   2383 |   4 |  871.5 |
               +--------+--------+--------+--------+--------+-----+--------+

Top non-repeatable levels by time:
     D:1: 1798 daAuts
     D:2: 929 daAuts
     D:3: 709 daAuts
     D:4: 49 daAuts
